 Dungeon Crawl Stone Soup version 0.31-a0-1205-g5e5e916f41 (webtiles) character file.

Game seed: 10773987800993822006

2270 GreatBamboolord the Magician (level 9, -5/49 HPs)
             Began as a Deep Elf Earth Elementalist on Dec 13, 2023.
             Was a Follower of Lugonu.
             Slain by a gnoll sergeant
             ... wielding a +4 spear of distortion
              (15 damage)
             ... on level 6 of the Dungeon.
             The game lasted 00:16:02 (5844 turns).

GreatBamboolord the Magician (DEEE)                 Turns: 5844, Time: 00:16:03

Health: -5/49      AC:  3    Str:  5    XL:     9   Next: 16%
Magic:  16/18      EV: 18    Int: 25    God:    Lugonu [*.....]
Gold:   89         SH:  0    Dex: 11    Spells: 9/23 levels left

rFire   . . .        k - +0 dagger (vamp)
rCold   + . .        (no shield)
rNeg    . . .        a - +0 robe
rPois   .            x - +0 hat
rElec   .            v - +0 cloak
rCorr   .            (no gloves)
SInv    .            (no boots)
Will    .....        r - amulet of magic regeneration
Stlth   +++          D - +5 ring of evasion
HPRegen 0.28/turn    y - ring of protection from cold
MPRegen 0.56/turn

%: no passive effects
@: no status effects
A: [clumsy 2], [low MP 2]
a: Renounce Religion, Depart the Abyss


You were on level 6 of the Dungeon.
You worshipped Lugonu.
Lugonu was aware of your devotion.
You visited 1 branch of the dungeon, and saw 6 of its levels.
You visited the Abyss 1 time.
You also visited: Sewer.

You collected 272 gold pieces.
You spent 183 gold pieces at shops.

Inventory:

Hand Weapons
 k - a +0 vampiric dagger (weapon)
Missiles
 B - 2 throwing nets
Armour
 a - a +0 robe (worn)
 v - a +0 cloak (worn)
 x - a +0 hat (worn)
Jewellery
 d - a ring of resist corrosion
 m - the Hermit's Pendant {Faith Invo=14 Evo=0 MP+5}
   (You found it on level 2 of the Dungeon)

   [amulet of faith]

   Invo=14: It sets your Invocations skill to 14.
   Evo=0: It sets your Evocations skill to 0.
   Faith:     It allows you to gain divine favour quickly.
   MP+5:      It affects your magic capacity (+5).
 r - an amulet of magic regeneration (around neck)
 y - a ring of protection from cold (right hand)
 A - an amulet of faith
 D - a +5 ring of evasion (left hand)
Wands
 h - a wand of flame (49)
 C - a wand of charming (9)
Scrolls
 s - a scroll of enchant armour
 u - 2 scrolls of noise
 w - a scroll of identify
 E - a scroll of fear {unknown}
 F - a scroll of vulnerability
Potions
 b - 2 potions of magic
 c - 2 potions of enlightenment {unknown}
 e - 2 potions of degeneration {unknown}
 f - a potion of berserk rage {unknown}
 g - a potion of brilliance {unknown}
 i - 2 potions of attraction
 j - 8 potions of heal wounds
 l - 2 potions of might
 n - a potion of invisibility {unknown}
 o - 5 potions of haste
 p - 5 potions of curing
 z - a potion of mutation {unknown}


   Skills:
 + Level 2.9 Fighting
 + Level 5.0 Dodging
 + Level 5.3 Stealth
 * Level 7.5 Spellcasting
 * Level 5.4 Conjurations
 + Level 4.1 Transmutations
 * Level 6.6 Earth Magic
 + Level 3.0 Invocations


You had 9 spell levels left.
You knew the following spells:

 Your Spells              Type           Power      Damage    Failure   Level
a - Sandblast             Erth           84%        2d18      1%          1
b - Passwall              Tmut/Erth      30%        N/A       1%          2
c - Stone Arrow           Conj/Erth      78%        3d11      1%          3
d - Brom's Barrelling Bo  Conj/Erth      39%        2d6       5%          4
e - Petrify               Tmut/Erth      36%        N/A       7%          4

Your spell library contained the following spells:

 Spells                   Type           Power      Damage    Failure   Level
 Mephitic Cloud           Conj/Pois/Air  18%        N/A       9%          3
 Poisonous Vapours        Pois/Air       18%        N/A       10%         2
 Gell's Gravitas          Tloc           9%         N/A       19%         3
 Anguish                  Hex/Necr       4%         N/A       54%         4
 Cause Fear               Hex            4%         N/A       54%         4
 Manifold Assault         Tloc           9%         N/A       54%         4
 Freezing Cloud           Conj/Ice/Air   9%         6-21      63%         5
 Eringya's Noxious Bog    Tmut/Pois      9%         4d6       99%         6
 Enfeeble                 Hex            4%         N/A       100%        7
 Malign Gateway           Summ/Tloc      4%         N/A       100%        7


Dungeon Overview and Level Annotations

Branches:
Dungeon (6/15)             Temple (0/1) D:6           Sewer (visited)

Altars:
Dithmenos
Fedhas
Gozag
Hepliaklqana
Kikubaaqudgha
Sif Muna
Uskayaw
Yredelemnul

Shops:
D:2 (   D:3 =?   D:5 *   D:6 !*[

Annotations:
D:6 1 runed translucent door, Crazy Yiuf


Innate Abilities, Weirdness & Mutations

[You are very clumsy. (Dex -4)]
[Your magical capacity is very low. (-20% MP)]


Message History

The starspawn tentacle grabs you. The starspawn tentacle constricts you.
* * * LOW HITPOINT WARNING * * *
Blink to where?
Press: ? - help, Dir - move target You escape the starspawn tentacle's grasp.
A large abomination comes into view.
As you read the scroll of blinking, it crumbles to dust.
You kneel at the altar of Lugonu.
You have lost your religion!
Sif Muna does not appreciate desertion!
Lugonu welcomes you!
You can now depart the Abyss.
You can now banish your foes.
The starspawn tentacle grabs you. The starspawn tentacle constricts you.
* * * LOW HITPOINT WARNING * * *
The ufetubus closely misses you. The ufetubus misses you.
The starspawn tentacle loses its grip on you.
You pass through the gate.
Welcome back to the Dungeon!
Level annotation: 1 runed translucent door, Crazy Yiuf You can no longer banish your foes.
There is a large open door here.
Hit: k) +0 dagger (vamp)
Press: ? - help, Dir - move target, f - gnoll sergeant
Aim: a gnoll sergeant, wielding a +4 spear of distortion, wearing a +0 ring mail and wearing a +0 buckler (about 31% to evade your +0 vampiric dagger)
Your weapon can't reach that far!
Okay, then.
Unknown command.
The gnoll sergeant attacks as it pursues you!
The gnoll sergeant closely misses you.
Okay, then.
Okay, then.
Casting: Sandblast (safe; 1% risk of failure)
Confirm with . or Enter, or press ? or * to list all spells.
Aiming: Stone Arrow (safe; 1% risk of failure)
Press: ? - help, Shift-Dir - straight line, f - gnoll sergeant
Aim: a gnoll sergeant, wielding a +4 spear of distortion, wearing a +0 ring mail and wearing a +0 buckler (81% to hit)
The stone arrow hits the gnoll sergeant!!
The gnoll sergeant is almost dead.
The gnoll sergeant hits you from afar with a +4 spear of distortion!
You die...

.<...#..........≈.⌠.⌠.≈..#≈≈≈≈≈≈≈
....##..........≈.....≈..#≈≈≈≈≈≈≈
.).)####(.......≈≈...≈≈.##≈≈≈####
.....# #......#..≈._.≈...#≈≈≈#...
...(.###......##.≈...≈...#≈≈≈#.>.
.....)##......##.≈≈.≈≈...#≈≈≈#...
...............#.........#≈≈≈####
................#.#.##.>##≈≈≈≈≈≈≈
..........#.....@...###.##≈≈≈≈≈≈≈
..............g...#####..#≈≈≈≈≈≈≈
....#####......#...##....########
...#######....##....#......)...).
..##.....#........#.##......)...)
..##.....'....##.##.#.....####...
..##....†'.......##.......##.#...
#.###+#..#.......#.........#.....
#.## #.⌠#..)........##..........


You could see a gnoll sergeant.

Vanquished Creatures
  Sigmund (D:3)
  Eustachio (D:5)
  A sky beast (D:6)
  An ice beast (D:5)
  A black bear (D:6)
  2 ogres (D:5)
  2 wolves (D:6)
  2 brain worms (Sewer)
  A gnoll sergeant (D:6)
  3 scorpions
  2 howler monkeys
  6 hounds
  2 jellies
  A gnoll bouda (D:6)
  5 iguanas
  A sleepcap (D:5)
  22 gnolls
  2 river rats (Sewer)
  14 adders
  A white imp (D:6)
  2 ufetubi (D:6)
  2 worms
  A dart slug (D:4)
  3 orcs
  12 ball pythons
  2 bats
  7 endoplasms
  7 giant cockroaches
  6 goblins
  5 hobgoblins
  9 jackals
  3 quokkas
  5 frilled lizards
  6 kobolds
  18 rats
159 creatures vanquished.

Notes
Turn   | Place    | Note
-------+----------+-------------------------------------------
     0 | D:1      | GreatBamboolord the Deep Elf Earth Elementalist began the
                  | quest for the Orb.
     0 | D:1      | Reached XP level 1. HP: 10/10 MP: 6/6
   135 | D:1      | Reached XP level 2. HP: 15/15 MP: 4/8
   690 | D:2      | Found Liopsok's Antique Weapon Shop.
   977 | D:2      | Reached XP level 3. HP: 20/20 MP: 8/10
   994 | D:2      | Learned a level 2 spell: Passwall
   998 | D:2      | Learned a level 3 spell: Stone Arrow
  1097 | D:2      | Reached XP level 4. HP: 24/24 MP: 4/11
  1458 | D:2      | Reached skill level 4 in Spellcasting
  1458 | D:2      | Reached skill level 1 in Conjurations
  1615 | D:2      | Found the Hermit's Pendant {Faith Invo=14 Evo=0 MP+5}
  1835 | D:3      | Noticed a scorpion
  1838 | D:3      | Killed a scorpion
  1839 | D:3      | Reached skill level 1 in Fighting
  1839 | D:3      | Reached XP level 5. HP: 29/29 MP: 8/13
  1875 | D:3      | Found a basalt altar of Yredelemnul.
  1926 | D:3      | Found Asoan's One-of-a-Kind Rings.
  2030 | D:3      | Found a large runed translucent door.
  2031 | D:3      | Found a large runed translucent door.
  2057 | D:3      | Found a blossoming altar of Fedhas.
  2063 | D:3      | Found a hazy altar of Hepliaklqana.
  2096 | D:3      | Found Odous's Magic Scroll Shop.
  2117 | D:3      | Bought a scroll of teleportation for 33 gold pieces
  2127 | D:3      | Found a hide-covered altar of Uskayaw.
  2215 | D:3      | Noticed Sigmund
  2220 | D:3      | Killed Sigmund
  2221 | D:3      | Reached XP level 6. HP: 24/34 MP: 10/15
  2760 | D:4      | Found an ancient bone altar of Kikubaaqudgha.
  2792 | D:4      | Found a shimmering blue altar of Sif Muna.
  2793 | D:4      | Got the Verses on Unstable Therianthropy
  2803 | D:4      | Became a worshipper of Sif Muna the Loreminder
  2933 | D:4      | Reached skill level 5 in Spellcasting
  2946 | D:4      | Found a glowing drain.
  2956 | Sewer    | Entered a sewer
  3054 | Sewer    | Reached * piety under Sif Muna
  3114 | Sewer    | Reached XP level 7. HP: 38/38 MP: 14/16
  3290 | Sewer    | Reached skill level 5 in Earth Magic
  3290 | Sewer    | Reached skill level 1 in Invocations
  3366 | Sewer    | Learned a level 4 spell: Brom's Barrelling Boulder
  3371 | Sewer    | Learned a level 4 spell: Petrify
  3793 | D:5      | Entered Level 5 of the Dungeon
  4153 | D:5      | Reached skill level 6 in Spellcasting
  4170 | D:5      | Found Kolyoclaaqi's Overcharged Wands.
  4172 | D:5      | Noticed Eustachio
  4189 | D:5      | Killed Eustachio
  4190 | D:5      | Reached XP level 8. HP: 40/44 MP: 12/19
  4375 | D:5      | Reached ** piety under Sif Muna
  4844 | D:6      | Found Miwotate's Distillery.
  4850 | D:6      | Bought a potion of heal wounds for 50 gold pieces
  4850 | D:6      | Bought a potion of haste for 100 gold pieces
  5015 | D:6      | Found Gozag's Platinum Reserve.
  5025 | D:6      | Found an opulent altar of Gozag.
  5082 | D:6      | Reached skill level 7 in Spellcasting
  5249 | D:6      | Found Xeusheb's Armour Boutique.
  5264 | D:6      | Found a shadowy altar of Dithmenos.
  5279 | D:6      | Reached skill level 5 in Stealth
  5325 | D:6      | Reached skill level 5 in Conjurations
  5382 | D:6      | Found a staircase to the Ecumenical Temple.
  5407 | D:6      | Reached XP level 9. HP: 49/49 MP: 19/22
  5614 | D:6      | Reached skill level 5 in Dodging
  5672 | D:6      | Found a runed translucent door.
  5673 | D:6      | Noticed Crazy Yiuf
  5716 | Abyss:1  | Cast into level 1 of the Abyss (gnoll sergeant)
  5730 | Abyss:1  | Noticed a wretched star
  5745 | Abyss:1  | Noticed a starcursed mass
  5807 | Abyss:1  | Noticed a large abomination
  5808 | Abyss:1  | Noticed a wretched star
  5831 | Abyss:1  | Found a corrupted altar of Lugonu.
  5831 | Abyss:1  | Noticed a tentacled starspawn
  5834 | Abyss:1  | Noticed a large abomination
  5835 | Abyss:1  | Fell from the grace of Sif Muna
  5835 | Abyss:1  | Became a worshipper of Lugonu the Unformed
  5835 | Abyss:1  | Reached * piety under Lugonu
  5835 | Abyss:1  | Reached ** piety under Lugonu
  5836 | D:6      | Escaped the Abyss
  5844 | D:6      | Slain by a gnoll sergeant

Illustrated notes

Levels and vault maps discovered:
D:1:      wander_arrival_fairy_ring, layout_basic
D:2:      layout_loops_corners, serial_shops, nicolae_shop_window_shopping
D:3:      layout_basic, yredelemnul_altar_generic,
          nicolae_overflow_crystal_walls, jmf_multi_god_temple2,
          serial_aquarium, aquarium_bridge_square [aquarium_subvault_balcony,
          aquarium_subvault_balcony, aquarium_subvault_bridge,
          aquarium_subvault_window], aquarium_bridge_square
          [aquarium_subvault_bridge, aquarium_subvault_bridge,
          aquarium_subvault_bridge, aquarium_subvault_window],
          aquarium_window_2, aquarium_window_1, aquarium_view_2d,
          aquarium_view_2d, aquarium_balcony_3a, serial_shops,
          nicolae_shop_stone, nicolae_shop_unique_rings, minmay_misc_feat_iff,
          uniq_sigmund
D:4:      layout_loops_ring, mainiacjoe_overflow_catch_the_wave,
          portal_sewer_entry_b, fountainhead
D:5:      layout_basic, nicolae_shop_overcharged_wands, uniq_eustachio
D:6:      layout_cave_pools, mainiacjoe_overflow_small_starburst,
          nicolae_gozag_zags_fifth_avenue, minmay_temple_entry_poolview,
          serial_gnoll_camp, gnoll_camp_mini_doghouse, gnoll_camp_mini_shop,
          gnoll_camp_mini_loothouse, gnoll_camp_mini_house,
          gnoll_camp_mini_house, gnoll_camp_mini_shop, hangedman_decor_growths,
          uniq_crazy_yiuf_cottage

Skill      XL: |  1  2  3  4  5  6  7  8  9 |
---------------+----------------------------+-----
Stealth        | 3 4 5 |  5.3
Spellcasting   | 4 5 6 7 |  7.5
Conjurations   | 1 2 4 5 |  5.4
Earth Magic    | 4 5 6 |  6.6
Dodging        | 3 4 5 |  5.0
Fighting       | 1 2 |  2.9
Transmutations | 2 3 4 |  4.1
Invocations    | 1 2 3 |  3.0

Action                     |  1- 3 |  4- 6 |  7- 9 || total
---------------------------+-------+-------+-------++-------
  Melee: Dagger            |       |       |     1 ||     1
   Cast: Sandblast         |    46 |    80 |   117 ||   243
         Passwall          |       |     6 |       ||     6
         Stone Arrow       |       |       |     7 ||     7
 Invoke: Depart the Abyss  |       |       |     1 ||     1
    Use: Scroll            |       |     4 |    11 ||    15
 Armour: Robe              |     8 |    10 |    49 ||    67
  Dodge: Dodged            |    15 |    21 |    81 ||   117

Table legend: (Time is in decaauts)
 A = Elapsed time spent in this place.
 B = Non-inter-level travel time spent in this place.
 C = Inter-level travel time spent in this place.
 D = Time resting spent in this place.
 E = Time spent auto-exploring this place.
 F = Levels seen in this place.
 G = Mean time per level.
                   A        B        C        D        E       F      G
               +--------+--------+--------+--------+--------+-----+--------+
         Total |   6010 |   5827 |    183 |    415 |   4152 |   8 |  751.2 |
       Dungeon |   5375 |   5192 |    183 |    413 |   3800 |   6 |  895.8 |
         Abyss |    120 |    120 |      0 |      2 |      0 |   1 |  120.0 |
         Sewer |    515 |    515 |      0 |      0 |    352 |   1 |  515.0 |
               +--------+--------+--------+--------+--------+-----+--------+

Top non-repeatable levels by time:
     D:2: 1166 daAuts
     D:6: 997 daAuts
     D:5: 984 daAuts
     D:3: 967 daAuts
     D:4: 671 daAuts
     D:1: 589 daAuts
   Sewer: 515 daAuts
 Abyss:1: 120 daAuts
